 Dungeon Crawl Stone Soup version 0.18-a0-1800-gdc7a371 (webtiles) character file.

70 Streef the Shield-Bearer (level 4, 0/37 HPs)
             Began as a Formicid Fighter on Apr 24, 2016.
             Slain by F1L1N's ghost (6 damage)
             ... on level 3 of the Dungeon.
             The game lasted 00:15:41 (1868 turns).

Streef the Shield-Bearer (Formicid Fighter)         Turns: 1868, Time: 00:15:41

Health: 0/37       AC:  7    Str: 20    XL:     4   Next: 44%
Magic:  4/4        EV:  8    Int:  8    God:
Gold:   150        SH:  9    Dex: 11    Spells: 0 memorised, 3 levels left

rFire  . . .     SeeInvis +     a - +0 war axe
rCold  . . .     Gourm    .     b - +0 scale mail
rNeg   . . .     Faith    .     c - +0 shield
rPois  .         Spirit   .     (helmet unavailable)
rElec  .         Dismiss  .     (no cloak)
rCorr  .         Reflect  .     (no gloves)
SustAt .         Harm     .     (no boots)
MR     .....                    (no amulet)
Stlth  ..........               (no ring)
                                (no ring)

@: not resistant to hostile enchantments, extremely unstealthy
A: permanent stasis, dig shafts and tunnels, four strong arms, antennae 3
a: Dig, Shaft Self


You were on level 3 of the Dungeon.
You were not hungry.

You visited 1 branch of the dungeon, and saw 3 of its levels.

You collected 150 gold pieces.

Inventory:

Hand Weapons
 a - a +0 war axe (weapon)
 g - a +1 short sword of venom
Missiles
 e - 72 stones (quivered)
 k - 2 large rocks
Armour
 b - a +0 scale mail (worn)
 c - a +0 shield (worn)
 m - a +0 chain mail
Scrolls
 f - a scroll of amnesia {unknown}
 j - 6 scrolls of identify {unknown}
 l - 2 scrolls of teleportation {unknown}
Potions
 d - a potion of might
 h - a potion of resistance {unknown}
 i - a potion of degeneration {unknown}
 n - 3 potions of lignification {unknown}
 q - 3 potions of brilliance {unknown}
Comestibles
 o - a slice of pizza
 p - 2 chunks of flesh


   Skills:
 + Level 3.7 Fighting
 + Level 2.5 Axes
 + Level 3.7 Armour
 + Level 1.0 Dodging
 + Level 4.5 Shields


You had 3 spell levels left.
You didn't know any spells.

Dungeon Overview and Level Annotations

Branches:
Dungeon (3/15)

Altars:

Annotations:
D:3 F1L1N's ghost, amateur DsAK


Innate Abilities, Weirdness & Mutations

You are under a permanent stasis effect.
You can dig through walls and to a lower floor.
Your four strong arms can wield two-handed weapons with a shield.
You have a pair of large antennae on your head (SInv).


Message History

F1L1N's ghost hits you. You block F1L1N's ghost's attack.
You slash F1L1N's ghost!
F1L1N's ghost is moderately damaged.
F1L1N's ghost hits you but does no damage.
You slash F1L1N's ghost!
F1L1N's ghost is severely damaged.
You block F1L1N's ghost's attack. F1L1N's ghost hits you.
You hit F1L1N's ghost but do no damage.
F1L1N's ghost is severely damaged.
F1L1N's ghost hits you.
You hit F1L1N's ghost but do no damage.
F1L1N's ghost is severely damaged.
F1L1N's ghost hits you.
* * * LOW HITPOINT WARNING * * *
F1L1N's ghost hits you.
* * * LOW HITPOINT WARNING * * *
You slash F1L1N's ghost!
F1L1N's ghost is almost destroyed.
F1L1N's ghost hits you.
You die...

### #@#
#W# #.#
#.#
#.#######
#.....))#
#######.#
..# W...


You could see F1L1N's ghost.

Vanquished Creatures
  An adder (D:2)
  2 worms (D:2)
  A dart slug (D:2)
  2 giant geckos
  3 orcs (D:3)
  3 giant cockroaches
  7 hobgoblins
  2 jackals (D:1)
  7 kobolds
  A ball python (D:2)
  6 bats
  A giant newt (D:3)
  6 goblins
  4 rats
46 creatures vanquished.

Notes
Turn   | Place    | Note
--------------------------------------------------------------
     0 | D:1      | Streef the Formicid Fighter began the quest for the Orb.
     0 | D:1      | Reached XP level 1. HP: 18/18 MP: 1/1
   103 | D:1      | Reached XP level 2. HP: 20/24 MP: 2/2
   106 | D:1      | Reached skill level 4 in Shields
   284 | D:1      | Reached XP level 3. HP: 19/29 MP: 3/3
   954 | D:2      | Reached XP level 4. HP: 37/37 MP: 4/4
  1674 | D:3      | Reached skill level 1 in Dodging
  1677 | D:3      | Noticed F1L1N's ghost (amateur DsAK)
  1868 | D:3      | Slain by F1L1N's ghost

Vault maps used:
D:1:      dpeg_arrival_arbitrary_b
D:3:      first_bread, ecumenical_altar_2, st_stairs_12

Skill      XL: |  1  2  3  4 |
---------------+-------------+-----
Shields        | 4 |  4.5
Dodging        | 1 |  1.0
Fighting       | |  3.7
Axes           | |  2.5
Armour         | |  3.7

Action                   |  1- 3 |  4- 6 || total
-------------------------+-------+-------++-------
Melee: War axe           |   105 |    60 ||   165
  Eat: Bread ration      |       |     1 ||     1
Armor: Scale mail        |    55 |    22 ||    77
Dodge: Dodged            |    28 |    17 ||    45
Block: Shield            |    63 |    42 ||   105
